 Dungeon Crawl Stone Soup version 0.27-a0-909-g0721f309d1 (webtiles) character file.

Game seed: 15635525369469710888

45 oldmanjim the Ruffian (level 3, -2/30 HPs)
             Began as a Draconian Transmuter on Apr 9, 2021.
             Slain by an orc warrior
             ... wielding a +0 flail
              (16 damage)
             ... on level 2 of the Dungeon.
             The game lasted 00:10:46 (1773 turns).

oldmanjim the Ruffian (Draconian Transmuter)        Turns: 1773, Time: 00:10:46

Health: -2/30      AC:  5    Str: 12    XL:     3   Next: 42%
Magic:  5/6        EV: 12    Int: 14    God:
Gold:   57         SH:  0    Dex: 11    Spells: 2/6 levels left

rFire    . . .     SeeInvis .     - Unarmed
rCold    . . .     Faith    .   (no shield)
rNeg     . . .     Spirit   .   (armour unavailable)
rPois    .         Reflect  .   (helmet currently unavailable)
rElec    .         Harm     .   (no cloak)
rCorr    .         Rampage  .   (no gloves)
Will     .....                  (boots currently unavailable)
Stlth    +.........             (no amulet)
HPRegen  0.10/turn              (no ring)
MPRegen  0.10/turn              (no ring)

@: appendages (expiring)
A: horns 2, talons 2, AC +5, unfitting armour, cold-blooded
a: End Transformation


You were on level 2 of the Dungeon.
You had temporarily grown beastly horns and talons.
You visited 1 branch of the dungeon, and saw 2 of its levels.

You collected 57 gold pieces.

Inventory:

Missiles
 e - 5 poisoned darts (quivered)
 l - 15 stones
Armour
 j - a +2 hat (melded)
Magical Staves
 f - a staff of earth
Scrolls
 c - a scroll of identify {unknown}
 g - a scroll of immolation {unknown}
 i - 2 scrolls of amnesia {unknown}
 k - a scroll of vulnerability {unknown}
 m - a scroll of enchant armour {unknown}
Potions
 a - 2 potions of invisibility {unknown}
 b - a potion of brilliance {unknown}
 d - a potion of degeneration {unknown}
 h - a potion of haste {unknown}


   Skills:
 * Level 2.7 Fighting
 - Level 1.7 Dodging
 + Level 3.3 Unarmed Combat
 - Level 2.0 Spellcasting
 + Level 2.5 Transmutations
 + Level 0.3 Poison Magic


You had 2 spell levels left.
You knew the following spells:

 Your Spells              Type           Power      Damage    Failure   Level
a - Beastly Appendage     Tmut           16%        N/A       9%          1
b - Spider Form           Tmut/Pois      2%         N/A       38%         3

Your spell library contained the following spells:

 Spells                   Type           Power      Damage    Failure   Level
 Wereblood                Tmut           8%         N/A       13%         2
 Ice Form                 Ice/Tmut       4%         N/A       80%         4
 Hydra Form               Tmut           4%         N/A       93%         5


Dungeon Overview and Level Annotations

Branches:
Dungeon (2/15)

Altars:

Shops:
D:1 [


Innate Abilities, Weirdness & Mutations

You have temporarily grown beastly horns and talons.
Your plain brown scales are hard. (AC +5)
You cannot fit into any form of body armour.
You are cold-blooded and may be slowed by cold attacks.


Message History

Press: ? - help, Q - select action, (/) - cycle Shift-Dir - straight line, f/p - orc warrior
Aim: an orc warrior, wielding a +0 flail and wearing a +0 chain mail (lightly wounded, 52% to hit)
You throw a poisoned dart.
The poisoned dart barely misses the orc warrior.
Throw: 6 darts (poison)
Press: ? - help, Q - select action, (/) - cycle Shift-Dir - straight line, f/p - orc warrior
Aim: an orc warrior, wielding a +0 flail and wearing a +0 chain mail (lightly wounded, 52% to hit)
You throw a poisoned dart.
The poisoned dart closely misses the orc warrior.
An orc comes into view. It is wielding a +0 whip.
Casting: Beastly Appendage (safe; 9% risk of failure)
Confirm with . or Enter, or press ? or * to list all spells.
You grow a pair of large bovine horns.
Your feet morph into talons.
Your +2 hat melds into your body.
The orc warrior hits you with a +0 flail!
You barely miss the orc warrior. You claw the orc warrior.
You headbutt the orc warrior, but do no damage.
The orc warrior is moderately wounded.
Your transformation is almost over.
The orc warrior barely misses you.
You hit the orc warrior.
You claw the orc warrior, but do no damage.
The orc warrior is moderately wounded.
The orc warrior barely misses you. The orc barely misses you.
You barely miss the orc warrior. Your kick misses the orc warrior.
You headbutt the orc warrior, but do no damage.
The orc warrior is moderately wounded.
You hit the orc warrior but do no damage.
You claw the orc warrior, but do no damage.
The orc warrior is moderately wounded.
The orc hits you with a +0 short sword.
You closely miss the orc warrior. Your headbutt misses the orc warrior.
Your tail-slap misses the orc warrior.
The orc warrior is moderately wounded.
The orc warrior misses you. The orc hits you with a +0 short sword.
You closely miss the orc warrior.
The orc warrior is moderately wounded.
The orc warrior hits you with a +0 flail!
Ouch! That really hurt!
You die...

...... ..#..#..............
...... . #................
#..###.#.........### ...######..#
#.#.^...#...# ...#.......#
#.#.....#...#
...#.......###.......#####
...#..........#..........#
..............#..........#.......
..............##@###.....#.......
.....##.(......oo.##.....#.......
........(...#.#o#+##..†..#.......
((.......................#.......
.........................##......
.....................#...........
.......####.#.##.....#..)........
.......##...#)##.....#...........
†......##..)#.##.....##..........


You could see an orc warrior and 2 orcs.

Vanquished Creatures
  An adder (D:2)
  A worm (D:2)
  A dart slug (D:1)
  An orc (D:2)
  3 endoplasms
  3 giant cockroaches
  A goblin (D:1)
  3 hobgoblins
  A quokka (D:2)
  3 ball pythons
  A bat (D:2)
  5 frilled lizards
  4 kobolds
  2 rats
30 creatures vanquished.

Notes
Turn   | Place    | Note
-------+----------+-------------------------------------------
     0 | D:1      | oldmanjim the Draconian Transmuter began the quest for the
                  | Orb.
     0 | D:1      | Reached XP level 1. HP: 16/16 MP: 3/3
   220 | D:1      | Found Zytara's Antique Armour Shoppe.
   369 | D:1      | Reached XP level 2. HP: 20/24 MP: 3/5
  1201 | D:2      | Reached XP level 3. HP: 20/30 MP: 4/6
  1305 | D:2      | Learned a level 3 spell: Spider Form
  1553 | D:2      | Found a faded altar of an unknown god.
  1751 | D:2      | Noticed an orc warrior
  1773 | D:2      | Slain by an orc warrior

Illustrated notes

Levels and vault maps discovered:
D:1:      erik_arrival_orb_chamber, layout_basic, serial_shops,
          nicolae_shop_overgrown_old_shop
D:2:      layout_basic, ebering_ecumenical_altar_box

Skill      XL: |  1  2 |
---------------+-------+-----
Fighting       | 2 |  2.7
Dodging        | |  1.7
Unarmed Combat | |  3.3
Spellcasting   | |  2.0
Transmutations | |  2.5
Poison Magic   | |  0.3

Action                   || total
-------------------------++-------
Melee: Unarmed           ||    78
       Kick              ||    14
       Tailslap          ||     4
       Headbutt          ||     8
Throw: Stone             ||     4
       Dart              ||     5
 Cast: Beastly Appendage ||    24
Armor: Skin              ||    16
Dodge: Dodged            ||    45

Table legend: (Time is in decaauts)
 A = Elapsed time spent in this place.
 B = Non-inter-level travel time spent in this place.
 C = Inter-level travel time spent in this place.
 D = Time resting spent in this place.
 E = Time spent auto-exploring this place.
 F = Levels seen in this place.
 G = Mean time per level.
                   A        B        C        D        E       F      G
               +--------+--------+--------+--------+--------+-----+--------+
         Total |   1772 |   1728 |     44 |    298 |   1095 |   2 |  886.0 |
       Dungeon |   1772 |   1728 |     44 |    298 |   1095 |   2 |  886.0 |
               +--------+--------+--------+--------+--------+-----+--------+

Top non-repeatable levels by time:
     D:1: 1058 daAuts
     D:2: 713 daAuts
